 Dungeon Crawl Stone Soup version 0.17-a0-737-gf0a300a (webtiles) character file.

1015 Ngotmuk the Shield-Bearer (level 8, -6/87 HPs)
             Began as a Deep Dwarf Fighter on Apr 26, 2015.
             Was an Initiate of Ru.
             Mangled by a slave (7 damage)
             ... led by Pikel
             ... on level 6 of the Dungeon.
             The game lasted 00:14:45 (4476 turns).

Ngotmuk the Shield-Bearer (Deep Dwarf Fighter)      Turns: 4476, Time: 00:14:45

Health: -6/87      AC:  7    Str: 21    XL:     8   Next: 1%
Magic:  8/8        EV:  8    Int: 10    God:    Ru [......]
Gold:   176        SH: 15    Dex: 12    Spells: 0 memorised, 7 levels left

rFire  . . .     SeeInvis .     w - +2 flail (crush)
rCold  + . .     Clarity  .     n - +2 leather armour {rC+}
rNeg   . . .     SustAb   .     x - +0 large shield
rPois  .         Gourm    .     (no helmet)
rElec  .         Spirit   .     (no cloak)
rCorr  .         Warding  .     (no gloves)
rMut   .         Stasis   .     k - +0 pair of boots
MR     +....                    r - amulet of Vitality {Regen+ HP+15}
Stlth  ..........               b - ring of stealth
                                q - +5 ring of slaying

@: non-regenerating, somewhat resistant to hostile enchantments, extremely
unstealthy
A: damage resistance, recharge devices, sense surroundings 1, slow healing 3, no
stealth
a: Device Recharging, Renounce Religion


You were on level 6 of the Dungeon.
You worshipped Ru.
Ru was noncommittal.
You were not hungry.

You visited 2 branches of the dungeon, and saw 7 of its levels.

You collected 176 gold pieces.

Inventory:

Hand weapons
 a - a +1 war axe
 w - a +2 flail of crushing (weapon)
Armour
 k - a +0 pair of boots (worn)
 n - a +2 leather armour of cold resistance (worn)
 x - a +0 large shield (worn)
Jewellery
 b - a ring of stealth (right hand)
 q - a +5 ring of slaying (left hand)
 r - the amulet of Vitality (around neck) {Regen+ HP+15}
   (You found it on level 5 of the Dungeon)

   [amulet of regeneration]

   It affects your health (+15).
   It increases your rate of regeneration.
 s - a +3 ring of dexterity
Magical devices
 e - a wand of heal wounds (2)
 v - a wand of fire (2)
Scrolls
 h - 4 scrolls of magic mapping {unknown}
 l - a scroll of fear
 m - 2 scrolls of enchant weapon
 p - 3 scrolls of immolation
 t - 3 scrolls of identify
 u - a scroll of fog
Potions
 c - a potion of poison {unknown}
 d - 4 potions of might
 g - 2 potions of haste {unknown}
 i - a potion of curing {unknown}
 o - a potion of brilliance
 z - 2 potions of heal wounds {unknown}
Comestibles
 f - 5 bread rations
 j - 6 beef jerkies


   Skills:
 + Level 4.0 Fighting
 + Level 5.4 Axes
 + Level 5.8 Armour
 + Level 1.8 Dodging
   Level 0.0 Stealth
 * Level 6.0 Shields


You had 7 spell levels left.
You didn't know any spells.

Dungeon Overview and Level Annotations

Branches:
Dungeon (6/15)             Temple (1/1) D:4

Altars:
Ashenzari
Cheibriados
Dithmenos
Elyvilon
Fedhas
Gozag
Kikubaaqudgha
Makhleb
Nemelex Xobeh
Okawaru
Ru
Sif Muna
Vehumet
Yredelemnul
Zin
The Shining One

Shops:
D:4 ?   D:5 [   D:6 (

Annotations:
D:6 Pikel


Innate Abilities, Weirdness & Mutations

You are resistant to damage.
You can recharge devices by infusing magical energy.
You passively map a small area around you.
You do not heal naturally.
You cannot be stealthy.


Message History

The slave barely misses you. The slave hits you but does no damage.
The slave hits you.
* * * LOW HITPOINT WARNING * * *
You block Pikel's attack. The slave closely misses you.
You block the slave's attack. The slave closely misses you. The slave hits you.
Pikel hits you with a whip of freezing.
* * * LOW HITPOINT WARNING * * *
Pikel freezes you.
You sock Pikel!
Pikel is heavily wounded.
Pikel hits you with a whip of freezing. You block the slave's attack.
The slave hits you but does no damage. The slave hits you. The slave hits you!
* * * LOW HITPOINT WARNING * * *
You block Pikel's attack.
You barely miss Pikel.
Pikel is heavily wounded.
You block the slave's attack. x2
Pikel hits you with a whip of freezing. You block the slave's attack.
You block the slave's attack. The slave hits you. The slave hits you!
You die...

#.# #.# #.# #.# #.# #.# #.# #.#
#.# #.♣# ##### #####.## #..#
##...# .(..(..####♣∩♣#####
##.....
#.###..........ppp#########......
#.# #..p((.)♣..K@p........#......
#.# #....###..########.##...)....
#.##.p.....#.## #.####......
#.##.#####.(.# ###p# ##.....
#....# ##### #...####......
....## ##.####.†...... ##...####
#..##...#...... ###....#
##.###.####..... ####p## #p.....#
##...#


You could see Pikel (berserk) and 4 slaves.

Vanquished Creatures
  An ogre (D:5)
  A centaur (D:6)
  7 scorpions (D:4)
  A crimson imp (D:5)
  3 hounds
  A giant frog skeleton (D:4)
  An iguana (D:5)
  A worker ant (D:5)
  A gnoll shaman (D:4)
  A hound skeleton (D:4)
  10 adders
  5 gnolls (D:4)
  A worm (D:2)
  2 giant geckos
  9 orcs
  14 bats
  A bat skeleton (D:6)
  7 giant cockroaches
  11 goblins
  10 hobgoblins
  A giant gecko zombie (D:5)
  6 giant newts
  14 jackals
  11 kobolds
  A quokka (D:2)
  A quokka skeleton (D:5)
  15 rats
  3 fungi (D:4)
140 creatures vanquished.

Vanquished Creatures (others)
  A fungus (D:4)
1 creature vanquished.

Grand Total: 141 creatures vanquished

Notes
Turn   | Place    | Note
--------------------------------------------------------------
     0 | D:1      | Ngotmuk, the Deep Dwarf Fighter, began the quest for the Orb.
     0 | D:1      | Reached XP level 1. HP: 20/20 MP: 1/1
   226 | D:1      | Reached XP level 2. HP: 27/27 MP: 2/2
   413 | D:1      | Found an iron altar of Okawaru.
   578 | D:1      | Reached XP level 3. HP: 25/33 MP: 3/3
  1062 | D:2      | Reached skill level 1 in Dodging
  1153 | D:2      | Reached skill level 1 in Stealth
  1192 | D:2      | Reached XP level 4. HP: 21/42 MP: 4/4
  1265 | D:2      | Reached skill level 4 in Shields
  1777 | D:3      | Found a sparkling altar of Nemelex Xobeh.
  1843 | D:3      | Reached XP level 5. HP: 17/49 MP: 5/5
  2551 | D:4      | Reached XP level 6. HP: 29/56 MP: 6/6
  2676 | D:4      | Found Ynudymikk's Magic Scroll Emporium.
  2780 | D:4      | Found a staircase to the Ecumenical Temple.
  2804 | Temple   | Entered the Ecumenical Temple
  2867 | Temple   | Became a worshipper of Ru the Awakened
  2929 | D:4      | Reached skill level 5 in Shields
  2931 | D:4      | Reached skill level 5 in Armour
  2932 | D:4      | Reached XP level 7. HP: 25/62 MP: 7/7
  3080 | D:5      | Entered Level 5 of the Dungeon
  3422 | D:5      | Found a white marble altar of Elyvilon.
  3432 | D:5      | Found Zyhech's Armour Shoppe.
  3432 | D:5      | Found a basalt altar of Yredelemnul.
  3734 | D:5      | Reached skill level 5 in Axes
  3819 | D:5      | Found a shadowy altar of Dithmenos.
  4073 | D:5      | Gained mutation: You cannot be stealthy. [Ru sacrifice]
  4227 | D:6      | Noticed Pikel
  4299 | D:6      | Reached skill level 6 in Shields
  4305 | D:6      | Reached XP level 8. HP: 28/72 MP: 8/8
  4329 | D:6      | Found Neemnos's Antique Weapon Shoppe.
  4475 | D:6      | HP: 1/87 [slave[Pikel] (5)]
  4476 | D:6      | Mangled by a slave

Action                   |  1- 3 |  4- 6 |  7- 9 || total
-------------------------+-------+-------+-------++-------
Melee: War axe           |   171 |   134 |    73 ||   378
       Flail             |       |       |    26 ||    26
Invok: Sacrifice Stealth |       |       |     1 ||     1
Evoke: Wand              |       |     1 |     6 ||     7
  Use: Scroll            |       |     3 |     6 ||     9
 Stab: Held in net/web   |       |       |     1 ||     1
       Sleeping          |       |       |     1 ||     1
  Eat: Meat ration       |     1 |     1 |     1 ||     3
